[Event "FIDE World School-ch O-15 2025"]
[Site "Vrnjacka Banja"]
[Date "2025.03.25"]
[Round "6.1"]
[White "Scheglov, Gleb"]
[Black "Tabatadze, Erekle"]
[Result "1-0"]
[Annotator "TA"]
[ECO "E68"]
[WhiteElo "2306"]
[BlackElo "2180"]
[PlyCount "85"]
[EventDate "2025.03.19"]
[EventType "swiss"]
[EventCountry "SRB"]
[SourceTitle "playchess.com"]
[Source "ChessBase"]
[SourceQuality "1"]
[TimeControl "5400+30"]

1. d4 Nf6 2. Nf3 g6 3. g3 Bg7 4. Bg2 O-O 5. O-O d6 6. c4 Nbd7 7. Nc3 e5 8. h3 Re8 9. e4 exd4 10. Nxd4 a6 11. Re1 Rb8 12. Be3 Ne5 {[%emt 0:00:39] The main line 12...Ne5 scores better than 12...c5.} 13. b3 c5 14. Nde2 b5 {[%emt 0:00:22] E68: King's Indian: Fianchetto: 6...Nbd7 7 0-0 e5 8 e4.} 15. f4 Ned7 16. Qxd6 b4 {[%emt 0:00:07] White is slightly better.} 17. e5 bxc3 18. Nxc3 Nh5 19. g4 {[%emt 0:04:14][%mdl 1024] White has compensation.} Bf8 20. Qd2 (20. Qd3 $5 Ng7 $8 21. Rad1 $11) 20... Ng7 21. Rad1 Ne6 22. Nd5 $146 {[%emt 0:02:35] Hoping for f5.} ({Predecessor:} 22. Ne4 Nd4 23. Bxd4 cxd4 24. Qxd4 Qa5 25. Qf2 Bc5 26. Nxc5 Qxc5 27. Rd6 Kg7 28. Bd5 Qxf2+ 29. Kxf2 {½-½ Naumenko,A (2181)-Volkov,A (2319) BL-LSS email 2013}) 22... Bb7 23. f5 Nd4 24. Bg5 Qc8 (24... Nxe5 25. Bxd8 Bxd5 26. Rxe5 Rxe5 27. Bc7 $18) 25. Qf4 Bg7 {[%emt 0:07:48] [#]} (25... Kh8 $1 $11) 26. e6 $1 $36 {[%emt 0:05:01][%mdl 2048] White has a king side majority Black is under strong pressure.} fxe6 27. f6 $1 {[%emt 0:05:00] The board is on fire. White is much more active.} Nxf6 28. Nxf6+ Bxf6 29. Bxf6 (29. Qxf6 Bxg2 30. Rxd4 (30. Kxg2 $2 Qb7+ 31. Kg3 Rf8 $19) 30... cxd4 $17 (30... Bxh3 $2 31. Rde4 $18)) 29... e5 30. Qg3 (30. Rxe5 Bxg2 (30... Ne2+ 31. Rxe2 Rxe2 32. Rd8+ Qxd8 33. Bd5+ Bxd5 34. Bxd8 $11) 31. Kxg2 Qc6+ 32. Kg3 Rxe5 33. Qxe5 Qf3+ 34. Kh2 Rf8 35. Rxd4 Qf2+ (35... cxd4 36. Qe6+ Rf7 37. Qc8+ Rf8 38. Qe6+ Rf7 39. Qe8+ Rf8 40. Qe6+ $11) 36. Kh1 Qf1+ (36... cxd4 37. Qe6+ Rf7 38. Qe8+ Rf8 39. Qe6+ Rf7 40. Qc8+ Rf8 41. Qe6+ $11) 37. Kh2 Qf2+ (37... cxd4 38. Qd5+ Rf7 39. Qd8+ Rf8 40. Qd5+ Rf7 41. Qd8+ Rf8 42. Qd5+ $11) 38. Kh1 Qf1+ 39. Kh2 Qf2+ $11) (30. Bxe5 $142 Bxg2 31. Kxg2 (31. Bxd4 Rxe1+ 32. Rxe1 Bxh3 $16) 31... Qc6+ 32. Kg3) 30... Bxg2 31. Qxg2 Qb7 {[%emt 0:00:11] [#]} 32. Qxb7 (32. Bxe5 $2 Rxe5 33. Rxe5 Nf3+ 34. Kf1 Nxe5 $19) 32... Rxb7 33. Kg2 {[%emt 0:00:39] Wards off Nf3} (33. Rxe5 $2 {is the wrong capture.} Nf3+ 34. Kh1 Nxe5 $19) 33... Re6 34. g5 h6 35. Rxe5 $18 hxg5 {[%emt 0:00:28] [#]} 36. Rxd4 $1 Rxf6 37. Rxc5 {[%emt 0:00:37][%mdl 4096] Endgame KRR-KRR. White is a pawn up.} Re7 38. Rd2 {[%emt 0:00:27] Prevents Re2+} ({But not} 38. Rxg5 $6 Re2+ 39. Kg3 Rxa2 $16) 38... g4 39. hxg4 Re4 40. Kg3 Rf1 41. Rc8+ Kg7 42. Rd7+ Kh6 $2 (42... Kf6 43. Rf8+ Ke6) 43. Rh8+ {[%emt 0:00:08] Weighted Error Value: White=0.08 (flawless) /Black=0.37  Mistake:       	White=1     	Black=4      Inaccurate:     	White=1     	Black=1      OK:         	White=11    	Black=13     Best:        	White=4     	Black=2      Strong:       	White=1     	---        Brilliant:      	White=2     	---} 1-0

[Event "FIDE World School-ch O-15 2025"]
[Site "Vrnjacka Banja"]
[Date "2025.03.25"]
[Round "6.2"]
[White "Kabinazar, Nurmukhammed"]
[Black "Talgatov, Nazar"]
[Result "0-1"]
[Annotator "NA RC"]
[ECO "C60"]
[WhiteElo "2057"]
[BlackElo "2083"]
[PlyCount "122"]
[EventDate "2025.03.19"]
[EventType "swiss"]
[EventCountry "SRB"]
[SourceTitle "playchess.com"]
[Source "ChessBase"]
[SourceQuality "1"]
[TimeControl "5400+30"]

1. e4 e5 2. Nf3 Nc6 3. Bb5 g6 4. O-O Bg7 5. c3 a6 6. Ba4 Nge7 7. d4 exd4 8. Nxd4 O-O 9. Be3 b5 10. Bc2 Bb7 11. Nd2 d5 12. N2b3 Nxd4 13. Bxd4 Bxd4 14. Qxd4 dxe4 15. Rfd1 Qxd4 16. Rd2 Qd3 17. Rxd3 Nf5 18. Rd7 Rac8 19. Nc5 Bc6 20. Bxe4 Bxd7 21. Nxd7 Rfd8 22. Bb7 Rxd7 23. Bxc8 Rd2 24. Bxa6 Rxb2 25. a4 bxa4 26. Rxa4 Rc2 27. Ra3 Rc1+ 28. Bf1 Nd6 29. f3 Nc4 30. Ra8+ Kg7 31. Kf2 Nd2 32. Bd3 Rxc3 33. Ke2 Nb3 34. Be4 h5 35. h4 Nc5 36. Bd5 Rc2+ 37. Ke3 Nd7 38. g4 Nf6 39. Be4 Nxe4 40. Kxe4 hxg4 41. fxg4 Rh2 42. g5 Rxh4+ 43. Kf3 Rc4 44. Rd8 Rc6 45. Kg4 Rd6 46. Re8 Re6 47. Rd8 Re7 48. Rc8 f6 49. gxf6+ Kxf6 50. Rf8+ Rf7 51. Ra8 Ke5 52. Kg5 c5 53. Rc8 Kd4 54. Kxg6 Rf1 55. Kg5 c4 56. Kg4 c3 57. Rd8+ Ke3 58. Re8+ Kd2 59. Rd8+ Kc1 60. Rc8 c2 61. Kg3 Kb2 0-1

[Event "FIDE World School-ch O-15 2025"]
[Site "Vrnjacka Banja"]
[Date "2025.03.25"]
[Round "6.3"]
[White "Dandeniya, D D L N"]
[Black "Yessengali, Adizhan"]
[Result "0-1"]
[Annotator "NA RC"]
[ECO "A05"]
[WhiteElo "1881"]
[BlackElo "1955"]
[PlyCount "156"]
[EventDate "2025.03.19"]
[EventType "swiss"]
[EventCountry "SRB"]
[SourceTitle "playchess.com"]
[Source "ChessBase"]
[SourceQuality "1"]
[TimeControl "5400+30"]

1. Nf3 Nf6 2. g3 b5 3. Bg2 Bb7 4. O-O e6 5. d3 d5 6. Nbd2 c5 7. c4 b4 8. b3 Be7 9. Bb2 O-O 10. Qc2 Nc6 11. Rad1 Qb6 12. e3 Rac8 13. Rfe1 Rfd8 14. Qb1 Qc7 15. h3 h6 16. Qa1 Ne8 17. d4 cxd4 18. exd4 Nd6 19. cxd5 exd5 20. Ne5 Nxe5 21. dxe5 Nb5 22. Nf3 Nc3 23. Nd4 Qb6 24. Bc1 Nxd1 25. Rxd1 Bc5 26. Bb2 Bxd4 27. Bxd4 Qe6 28. Bxa7 Rc2 29. Be3 Qa6 30. Qd4 Qa5 31. e6 fxe6 32. Qg4 Qc7 33. Qxe6+ Qf7 34. Qg4 Re8 35. Qd4 Rxa2 36. h4 Re2 37. Bf4 Rc2 38. Rd3 Re1+ 39. Kh2 Ree2 40. Rf3 Re4 41. Qb6 Rc6 42. Qd8+ Re8 43. Qa5 Rf6 44. Rd3 Rxf4 45. gxf4 Qxf4+ 46. Rg3 Qxh4+ 47. Bh3 Qf4 48. Qa7 Re7 49. Qb6 Qc7 50. Qxb4 h5 51. Qh4 Qe5 52. Bg2 Rf7 53. Qd8+ Rf8 54. Qg5 Rf5 55. Qd8+ Rf8 56. Qg5 Rf5 57. Qd8+ Kh7 58. f3 Bc8 59. Bh3 Rxf3 60. Qg5 Qxg3+ 61. Qxg3 Rxg3 62. Kxg3 Bxh3 63. Kxh3 Kg6 64. b4 Kf6 65. b5 Ke6 66. b6 Kd6 67. b7 Kc7 68. Kh2 Kxb7 69. Kh1 g5 70. Kg1 g4 71. Kg2 h4 72. Kh2 d4 73. Kg2 d3 74. Kh2 d2 75. Kg2 d1=Q 76. Kh2 Qe2+ 77. Kh1 h3 78. Kg1 Qg2# 0-1

[Event "FIDE World School-ch O-15 2025"]
[Site "Vrnjacka Banja"]
[Date "2025.03.25"]
[Round "6.4"]
[White "Mane, Arnav"]
[Black "Khaleev, Timofey D"]
[Result "1/2-1/2"]
[Annotator "NA RC"]
[ECO "B27"]
[WhiteElo "1748"]
[BlackElo "1919"]
[PlyCount "51"]
[EventDate "2025.03.19"]
[EventType "swiss"]
[EventCountry "SRB"]
[SourceTitle "playchess.com"]
[Source "ChessBase"]
[SourceQuality "1"]
[TimeControl "5400+30"]

1. e4 c5 2. Nf3 g6 3. c3 d5 4. e5 Bg4 5. Bb5+ Nc6 6. d4 cxd4 7. cxd4 Qb6 8. Bxc6+ bxc6 9. Nbd2 Qb5 10. Qe2 e6 11. Qxb5 cxb5 12. O-O Rc8 13. h3 Bxf3 14. Nxf3 h5 15. Bg5 Bh6 16. Rfc1 Rxc1+ 17. Rxc1 Kd7 18. Rc5 a6 19. Bf6 Nxf6 20. exf6 Bf4 21. g3 Bd6 22. Rc1 Ra8 23. Ng5 Ke8 24. Rc6 Kd7 25. Rc1 Ke8 26. Rc6 1/2-1/2

[Event "FIDE World School-ch O-15 2025"]
[Site "Vrnjacka Banja"]
[Date "2025.03.25"]
[Round "6.5"]
[White "Dascalescu, Adelin-Stefan"]
[Black "Tulendinov, Dinmukhammed"]
[Result "0-1"]
[Annotator "NA RC"]
[ECO "B13"]
[WhiteElo "2061"]
[BlackElo "2173"]
[PlyCount "100"]
[EventDate "2025.03.19"]
[EventType "swiss"]
[EventCountry "SRB"]
[SourceTitle "playchess.com"]
[Source "ChessBase"]
[SourceQuality "1"]
[TimeControl "5400+30"]

1. e3 c5 2. c4 Nf6 3. d4 cxd4 4. exd4 d5 5. Nc3 Nc6 6. Nf3 Bg4 7. Be3 e6 8. h3 Bh5 9. Qb3 Bxf3 10. Qxb7 Na5 11. Qb5+ Nd7 12. gxf3 Rb8 13. Qa6 dxc4 14. d5 Nc5 15. Bxc5 Bxc5 16. Bxc4 O-O 17. O-O-O Bb4 18. Bd3 Bxc3 19. bxc3 Qc7 20. Kc2 Rb6 21. d6 Qc5 22. Bxh7+ Kxh7 23. Qd3+ Kg8 24. Qd4 Qxd4 25. Rxd4 Rd8 26. Ra4 Nc6 27. Rd1 a6 28. f4 Na7 29. d7 Kf8 30. f5 exf5 31. Rd5 g6 32. Rda5 Rxd7 33. Rxa6 Rxa6 34. Rxa6 Ke7 35. h4 Nb5 36. a4 Nd6 37. f3 Ke6 38. Ra8 Ke5 39. Kd3 Kf4 40. Ke2 Re7+ 41. Kd3 Kxf3 42. c4 Ne4 43. a5 Rd7+ 44. Kc2 f4 45. a6 Ke3 46. Rb8 f3 47. Rb7 Rd2+ 48. Kc1 f2 49. Rxf7 Ra2 50. a7 Rxa7 0-1

[Event "FIDE World School-ch O-15 2025"]
[Site "Vrnjacka Banja"]
[Date "2025.03.25"]
[Round "6.6"]
[White "Qusaiyn, Altynbek"]
[Black "Durucay, Uygar"]
[Result "1-0"]
[Annotator "NA RC"]
[ECO "B12"]
[WhiteElo "1972"]
[BlackElo "2159"]
[PlyCount "95"]
[EventDate "2025.03.19"]
[EventType "swiss"]
[EventCountry "SRB"]
[SourceTitle "playchess.com"]
[Source "ChessBase"]
[SourceQuality "1"]
[TimeControl "5400+30"]

1. e4 c6 2. d4 d5 3. e5 Bf5 4. h4 a6 5. Bd3 Bxd3 6. Qxd3 e6 7. Bg5 Qc7 8. Nf3 c5 9. dxc5 Bxc5 10. c3 Nc6 11. Qe2 h6 12. Be3 Bxe3 13. Qxe3 Nge7 14. O-O Nf5 15. Qe2 Qb6 16. Re1 O-O 17. Qc2 Rac8 18. Nbd2 Rfd8 19. Rad1 Na5 20. Nb3 Nc4 21. g4 Ne7 22. Re2 Ng6 23. Qc1 Qc7 24. Rde1 f6 25. exf6 Nf4 26. Nbd4 Nxe2+ 27. Rxe2 Qf7 28. fxg7 Qxg7 29. Qf4 Rf8 30. Qg3 Rf6 31. Nxe6 Qf7 32. Ned4 Kh8 33. b3 Nd6 34. Ne5 Qc7 35. g5 Rg8 36. Ng4 Rfg6 37. Ne6 Qe7 38. Qe5+ Kh7 39. f4 h5 40. Nf2 Rf6 41. Qxd5 Qd7 42. Nc5 Qc6 43. Re7+ Kh8 44. Qe5 Nf5 45. Re6 Qf3 46. Qxf6+ Rg7 47. Re8+ Kh7 48. Qxf5+ 1-0

[Event "FIDE World School-ch O-15 2025"]
[Site "Vrnjacka Banja"]
[Date "2025.03.25"]
[Round "6.7"]
[White "Harabor, David-Alexandru"]
[Black "Kuka Kyle"]
[Result "1-0"]
[Annotator "NA RC"]
[ECO "B10"]
[WhiteElo "1989"]
[BlackElo "1961"]
[PlyCount "79"]
[EventDate "2025.03.19"]
[EventType "swiss"]
[EventCountry "SRB"]
[SourceTitle "playchess.com"]
[Source "ChessBase"]
[SourceQuality "1"]
[TimeControl "5400+30"]

1. e4 c6 2. Nf3 d5 3. d3 dxe4 4. dxe4 Qxd1+ 5. Kxd1 Bg4 6. Be2 Nf6 7. Nfd2 Bxe2+ 8. Kxe2 Nbd7 9. a4 a5 10. f3 Ne5 11. Na3 e6 12. Nac4 Nfd7 13. f4 Ng6 14. Nb3 Nc5 15. Ncxa5 Nxe4 16. Nxb7 Bb4 17. a5 Ra6 18. c3 Be7 19. Be3 O-O 20. N3c5 Nxc5 21. Nxc5 Bxc5 22. Bxc5 Rb8 23. b4 Nxf4+ 24. Kd2 e5 25. Kc2 f6 26. Rhd1 Ne6 27. Bb6 Rc8 28. Rd7 Nf4 29. c4 e4 30. Re1 f5 31. Rf1 Ne6 32. Rxf5 c5 33. b5 Rxb6 34. axb6 Nd4+ 35. Rxd4 cxd4 36. c5 Re8 37. b7 d3+ 38. Kd2 e3+ 39. Kxd3 e2 40. Re5 1-0

[Event "FIDE World School-ch O-15 2025"]
[Site "Vrnjacka Banja"]
[Date "2025.03.25"]
[Round "6.8"]
[White "Urangoo, Gurvanbaatar"]
[Black "Blagoveshchenskiy, Roman"]
[Result "1-0"]
[Annotator "NA RC"]
[ECO "C14"]
[WhiteElo "1982"]
[BlackElo "1910"]
[PlyCount "77"]
[EventDate "2025.03.19"]
[EventType "swiss"]
[EventCountry "SRB"]
[SourceTitle "playchess.com"]
[Source "ChessBase"]
[SourceQuality "1"]
[TimeControl "5400+30"]

1. e4 e6 2. d4 d5 3. Nc3 Nf6 4. Bg5 Be7 5. e5 Nfd7 6. Bxe7 Qxe7 7. Qd2 a6 8. Nd1 c5 9. c3 Nc6 10. f4 O-O 11. Nf3 b5 12. Bd3 f5 13. O-O Rb8 14. a3 Na5 15. Qe2 Nb3 16. Rb1 c4 17. Bc2 a5 18. g4 b4 19. axb4 axb4 20. Ne3 Nb6 21. gxf5 exf5 22. Qg2 Be6 23. Qg5 Qd7 24. cxb4 Na4 25. Rf2 Rxb4 26. Rg2 Rb7 27. Kh1 Kh8 28. Qh4 Qc8 29. Rg3 Qd7 30. Qg5 Qf7 31. Rh3 Rc7 32. Qg3 g6 33. Qe1 Qe7 34. Ng2 Nb6 35. Ngh4 Kg7 36. Qg3 Qe8 37. Qg5 Qe7 38. Qh6+ Kg8 39. Nxg6 1-0